 Dungeon Crawl Stone Soup version 0.30.0-2-g1aa4bd4387 (webtiles) character file.

Game seed: 13484169557719620356

329 Leibowitz the Cutter (level 6, -3/38 HPs)
             Began as a Kobold Fighter on May 6, 2023.
             Slain by Grinder (8 damage)
             ... on level 3 of the Dungeon on May 7, 2023.
             The game lasted 00:10:04 (2776 turns).

Leibowitz the Cutter (Kobold Fighter)               Turns: 2776, Time: 00:10:05

Health: -3/38      AC:  3    Str: 13    XL:     6   Next: 80%
Magic:  6/6        EV: 13    Int: 10    God:
Gold:   209        SH:  5    Dex: 16    Spells: 5/5 levels left

rFire   . . .        a - +0 dagger (venom)
rCold   . . .        c - +0 buckler
rNeg    . . .        r - +0 leather armour
rPois   .            (no helmet)
rElec   .            (no cloak)
rCorr   .            (no gloves)
SInv    .            (no boots)
Will    .....        (no amulet)
Stlth   +++          (no ring)
HPRegen 0.26/turn    (no ring)
MPRegen 0.10/turn

%: no passive effects
@: attractive, hasted, very quick
A: small, no large weapons, nightstalker 3
a: no special abilities


You were on level 3 of the Dungeon.
You visited 1 branch of the dungeon, and saw 3 of its levels.

You collected 209 gold pieces.

Inventory:

Hand Weapons
 a - a +0 dagger of venom (weapon)
 f - a +1 short sword of holy wrath
 h - a +0 rapier
Armour
 c - a +0 buckler (worn)
 r - a +0 leather armour (worn)
Scrolls
 b - a scroll of fear {unknown}
 j - 2 scrolls of teleportation {unknown}
 l - a scroll of identify {unknown}
 o - 2 scrolls of fog {unknown}
 p - a scroll of blinking {unknown}
 s - a scroll of poison {unknown}
Potions
 d - a potion of might
 k - a potion of haste
 m - 2 potions of brilliance
 n - a potion of mutation {unknown}
 q - a potion of lignification {unknown}


   Skills:
 * Level 4.2 Fighting
 * Level 4.5 Short Blades
 * Level 3.5 Armour
 * Level 1.9 Dodging
 * Level 3.3 Stealth
 * Level 3.2 Shields


You had 5 spell levels left.
You didn't know any spells.
Your spell library contained the following spells:

 Spells                   Type           Power      Damage    Failure   Level
 Ensorcelled Hibernation  Hex/Ice        0%         N/A       67%         2
 Spider Form              Tmut/Pois      0%         N/A       88%         3
 Anguish                  Hex/Necr       0%         N/A       99%         4


Dungeon Overview and Level Annotations

Branches:
Dungeon (3/15)

Altars:
Cheibriados

Annotations:
D:3 3 runed translucent doors, Grinder; ciphuk's ghost, amateur HOWn


Innate Abilities, Weirdness & Mutations

You are small and have problems with some larger weapons.
You are completely attuned to the shadows.


Message History

You barely miss Grinder. Grinder hits you.
You barely miss Grinder. Grinder closely misses you.
You barely miss Grinder.
Grinder blinks!
The bat barely misses you. The bat hits you but does no damage.
Grinder gestures at you. Pain shoots through your body!
You block the bat's attack. Grinder gestures at you.
You suddenly lose the ability to move!
The bat barely misses you. Grinder hits you.
You writhe in agony.
Grinder hits you!
You writhe in agony.
The bat barely misses you. Grinder gestures at you.
You shrug off the repeated paralysis!
The bat hits you. Grinder hits you but does no damage.
You can move again.
Items here: ) / [ †.
Unknown command.
You hit Grinder but do no damage. The bat hits you but does no damage.
Grinder hits you!
* * * LOW HITPOINT WARNING * * *
You writhe in agony.
* * * LOW HITPOINT WARNING * * *
You closely miss Grinder.
You feel better. The bat misses you. Grinder gestures at you.
Pain shoots through your body!
* * * LOW HITPOINT WARNING * * *
It was a potion of cancellation.
You feel magically purged. The bat hits you but does no damage.
Grinder hits you.
* * * LOW HITPOINT WARNING * * *
You writhe in agony.
* * * LOW HITPOINT WARNING * * *
It was a potion of attraction.
You feel attractive to monsters. The bat hits you but does no damage.
Grinder gestures at you.
You barely resist. The bat closely misses you.
It was a potion of haste.
You feel yourself speed up. Grinder hits you!
You die...

P⌠P##.....#.##.#.##.
###................
#.##.#.......#####
####....#.##...<# #
......... ###.## #
####.##.#.
#...######
..)#.#....
#.#..##... #....#..#
...##..'..<
#...@.b.# ## ####...
#..5##..# #... ....
..# #... #.## ###
#... #. #... ####


You could see Grinder and a bat.

Vanquished Creatures
  Sigmund (D:2)
  An orc priest (D:3)
  An orc wizard (D:3)
  2 adders (D:2)
  2 dart slugs (D:2)
  5 orcs (D:3)
  7 ball pythons
  4 bats
  3 endoplasms
  5 giant cockroaches
  6 hobgoblins
  8 jackals (D:1)
  12 kobolds
  5 quokkas
  2 frilled lizards
  7 goblins
  6 rats
  A bush (D:2)
78 creatures vanquished.

Vanquished Creatures (others)
  A fungus (D:3)
  2 plants
3 creatures vanquished.

Grand Total: 81 creatures vanquished

Notes
Turn   | Place    | Note
-------+----------+-------------------------------------------
     0 | D:1      | Leibowitz the Kobold Fighter began the quest for the Orb.
     0 | D:1      | Reached XP level 1. HP: 14/14 MP: 1/1
    89 | D:1      | Reached XP level 2. HP: 18/19 MP: 2/2
   348 | D:1      | Reached XP level 3. HP: 21/23 MP: 3/3
   360 | D:1      | Reached skill level 1 in Stealth
   910 | D:2      | Reached XP level 4. HP: 22/29 MP: 4/4
  1398 | D:2      | Noticed Sigmund
  1407 | D:2      | Killed Sigmund
  1408 | D:2      | Reached skill level 1 in Dodging
  1408 | D:2      | Reached XP level 5. HP: 22/33 MP: 5/5
  1408 | D:2      | Reached XP level 6. HP: 25/38 MP: 6/6
  1901 | D:2      | Found a snail-covered altar of Cheibriados.
  2719 | D:3      | Found a runed translucent gate.
  2719 | D:3      | Found a runed translucent gate.
  2719 | D:3      | Found a runed translucent gate.
  2722 | D:3      | Noticed ciphuk's ghost (amateur HOWn)
  2755 | D:3      | Noticed Grinder
  2766 | D:3      | Paralysed by Grinder for 5 turns
  2776 | D:3      | Slain by Grinder

Illustrated notes

Levels and vault maps discovered:
D:1:      minmay_arrival_stone_box, layout_basic
D:2:      minmay_razor_zed, layout_basic, serial_forest,
          infiniplex_forest_end_1, infiniplex_forest_clump_double,
          infiniplex_forest_zigzag_2, infiniplex_forest_side_room,
          infiniplex_forest_straight_3, infiniplex_forest_split, basic_altar,
          uniq_sigmund
D:3:      cheibrodos_pilgrimage, layout_basic, gammafunk_ghost_nasty_kobolds,
          uniq_robin, uniq_jessica, uniq_grinder

Skill      XL: |  1  2  3  4  5  6 |
---------------+-------------------+-----
Stealth        | 1 2 3 |  3.3
Short Blades   | 3 4 |  4.5
Fighting       | 4 |  4.2
Armour         | 3 |  3.5
Dodging        | 1 |  1.9
Shields        | 3 |  3.2

Action                     |  1- 3 |  4- 6 || total
---------------------------+-------+-------++-------
  Melee: Rapier            |    18 |       ||    18
         Short sword       |    51 |       ||    51
         Dagger            |    65 |   166 ||   231
    Use: Potion            |       |     8 ||     8
   Stab: Sleeping          |     2 |    13 ||    15
 Armour: Scale mail        |    52 |     9 ||    61
         Leather armour    |       |    13 ||    13
  Dodge: Dodged            |    66 |    48 ||   114
  Block: Buckler           |    36 |    17 ||    53
